[ AOE2 MATCH · #469313477 ]
UnrankedLithuanians vs Poles
Player's team · WIN
Rival team · LOSS
[ REPLAY ANALYSIS · EXTRACTED FROM THE RECORDED GAME ]
Feudal
11:11
Castle
18:30
Imperial
33:57
| APM avg | 18.5 |
| APM peak | 44 |
| eAPM avg | 11.9 |
| Villagers / military | 76 / 137 |
Focus
⚔️ 38.9% · 🌾 61.1%
Spearman ×74 · Leitis ×42 · Knight ×6 · Trebuchet (Packed) ×5 · Monk ×3 · Petard ×3
Feudal
11:55
Castle
17:05
Imperial
38:53
| APM avg | 44.5 |
| APM peak | 79 |
| eAPM avg | 18.8 |
| Villagers / military | 104 / 149 |
Focus
⚔️ 35.7% · 🌾 64.3%
Knight ×73 · Obuch ×30 · Spearman ×30 · Archer ×6 · Petard ×4 · Trebuchet (Packed) ×3
Match map
Initial resources + every placement click. Lines = walls · curves = elevation contours. ◆ gold · ⬟ stone · ● berries · ✦ relic · ◌ wall gap
Your base· ✓ Closed at 18:30 · 0t walls · 2 gate(s)
风中有朵蒲公英's base· ✓ Closed at 17:05 · 0t walls · 2 gate(s)
Smoothed initial terrain · ◌ = detected wall gap · hover for details
Inputs per minute
— 蝼蚁 - - 风中有朵蒲公英
Build order — 蝼蚁
First 150 of 312 actions detected
| 0:03 | Create | Villager (Male) |
| 0:04 | Create | Villager (Male) |
| 0:04 | Create | Villager (Male) |
| 0:04 | Create | Villager (Male) |
| 0:07 | Build | House |
| 0:08 | Build | House |
| 0:08 | Build | House |
| 0:09 | Build | House |
| 0:22 | Create | Villager (Male) |
| 0:22 | Create | Villager (Male) |
| 1:50 | Build | House |
| 2:05 | Create | Villager (Male) |
| 2:28 | Create | Villager (Male) |
| 2:48 | Create | Villager (Male) |
| 3:31 | Create | Villager (Male) |
| 3:32 | Create | Villager (Male) |
| 3:58 | Create | Villager (Male) |
| 3:58 | Create | Villager (Male) |
| 4:17 | Create | Villager (Male) |
| 4:49 | Create | Villager (Male) |
| 4:50 | Create | Villager (Male) |
| 5:04 | Build | Lumber Camp |
| 5:07 | Create | Villager (Male) |
| 5:07 | Create | Villager (Male) |
| 5:25 | Create | Villager (Male) |
| 5:26 | Create | Villager (Male) |
| 6:06 | Create | Villager (Male) |
| 6:06 | Create | Villager (Male) |
| 7:06 | Build | Mill |
| 7:32 | Create | Villager (Male) |
| 7:49 | Build | House |
| 7:50 | Build | House |
| 7:52 | Build | House |
| 8:08 | Research | Feudal Age |
| 8:30 | Build | Mill |
| 9:37 | Build | Barracks |
| 10:15 | Create | Villager (Male) |
| 10:15 | Create | Villager (Male) |
| 10:27 | Build | Mining Camp |
| 10:48 | Create | Villager (Male) |
| 10:49 | Create | Villager (Male) |
| 11:11 | Age | Feudal Age |
| 11:39 | Build | Blacksmith |
| 11:53 | Build | House |
| 11:55 | Build | House |
| 12:06 | Create | Villager (Male) |
| 12:25 | Build | Stable |
| 13:01 | Create | Villager (Male) |
| 13:52 | Build | Farm |
| 14:02 | Create | Villager (Male) |
| 14:06 | Create | Villager (Male) |
| 14:14 | Build | Farm |
| 14:15 | Build | Farm |
| 14:34 | Build | Farm |
| 14:58 | Build | Farm |
| 15:50 | Research | Castle Age |
| 16:06 | Research | Horse Collar |
| 16:15 | Build | Farm |
| 16:30 | Build | Farm |
| 16:37 | Research | Double-Bit Axe |
| 16:46 | Build | Farm |
| 16:48 | Build | Farm |
| 16:50 | Build | Farm |
| 16:53 | Build | Farm |
| 16:54 | Build | Farm |
| 16:55 | Build | Farm |
| 16:56 | Build | Farm |
| 16:57 | Build | Farm |
| 17:25 | Build | Mining Camp |
| 17:37 | Research | Stone Mining |
| 17:51 | Create | Villager (Male) |
| 17:52 | Create | Villager (Male) |
| 18:09 | Research | Gold Mining |
| 18:30 | Age | Castle Age |
| 18:43 | Build | Monastery |
| 19:07 | Create | Villager (Male) |
| 19:07 | Create | Villager (Male) |
| 19:20 | Research | Heavy Plow |
| 19:32 | Create | Monk |
| 19:43 | Research | Forging |
| 20:06 | Create | Villager (Male) |
| 20:07 | Create | Villager (Male) |
| 20:19 | Build | Town Center |
| 20:22 | Create | Villager (Male) |
| 20:22 | Create | Villager (Male) |
| 21:11 | Research | Fervor |
| 21:15 | Research | Scale Barding Armor |
| 21:23 | Create | Villager (Male) |
| 21:23 | Create | Villager (Male) |
| 21:34 | Research | Husbandry |
| 21:42 | Build | Farm |
| 21:53 | Create | Villager (Male) |
| 22:00 | Build | Farm |
| 23:00 | Build | Farm |
| 23:02 | Build | Farm |
| 23:05 | Create | Villager (Male) |
| 23:05 | Create | Villager (Male) |
| 23:05 | Create | Villager (Male) |
| 23:09 | Research | Wheelbarrow |
| 23:10 | Create | Villager (Male) |
| 23:10 | Create | Villager (Male) |
| 23:10 | Create | Villager (Male) |
| 23:39 | Build | Farm |
| 23:43 | Research | Bloodlines |
| 23:51 | Build | Stable |
| 24:27 | Create | Villager (Male) |
| 24:27 | Create | Villager (Male) |
| 24:39 | Create | Monk |
| 24:44 | Create | Knight |
| 24:44 | Create | Knight |
| 24:52 | Research | Chain Barding Armor |
| 25:07 | Build | Farm |
| 25:11 | Create | Scout Cavalry |
| 25:11 | Create | Scout Cavalry |
| 25:14 | Create | Knight |
| 25:14 | Create | Knight |
| 25:29 | Build | Castle |
| 25:58 | Build | Castle |
| 26:06 | Create | Knight |
| 26:12 | Build | House |
| 26:12 | Build | House |
| 26:12 | Build | House |
| 26:13 | Build | House |
| 26:13 | Build | House |
| 26:14 | Build | House |
| 26:19 | Build | Farm |
| 26:19 | Build | Farm |
| 27:02 | Create | Monk |
| 27:21 | Create | Knight |
| 27:31 | Build | Mining Camp |
| 27:37 | Create | Villager (Male) |
| 27:37 | Create | Villager (Male) |
| 27:39 | Research | Hand Cart |
| 27:41 | Create | Villager (Male) |
| 27:41 | Create | Villager (Male) |
| 27:48 | Create | Villager (Male) |
| 28:54 | Create | Villager (Male) |
| 28:54 | Create | Villager (Male) |
| 28:57 | Research | Iron Casting |
| 28:59 | Create | Villager (Male) |
| 28:59 | Create | Villager (Male) |
| 29:00 | Create | Villager (Male) |
| 29:09 | Research | Hill Forts |
| 29:12 | Create | Leitis |
| 29:12 | Create | Leitis |
| 29:12 | Create | Leitis |
| 29:12 | Create | Leitis |
| 29:18 | Create | Leitis |
| 29:30 | Build | Farm |
| 29:38 | Build | Farm |
Build order — 风中有朵蒲公英
First 150 of 351 actions detected
| 0:06 | Build | House |
| 0:06 | Create | Villager (Male) |
| 0:09 | Build | House |
| 0:10 | Create | Villager (Male) |
| 0:17 | Create | Villager (Male) |
| 0:27 | Create | Villager (Male) |
| 1:34 | Create | Villager (Male) |
| 2:13 | Create | Villager (Male) |
| 2:26 | Create | Villager (Male) |
| 3:01 | Build | Lumber Camp |
| 3:01 | Create | Villager (Male) |
| 3:10 | Create | Villager (Male) |
| 3:36 | Build | House |
| 3:53 | Create | Villager (Male) |
| 4:08 | Create | Villager (Male) |
| 4:32 | Create | Villager (Male) |
| 4:47 | Create | Villager (Male) |
| 5:18 | Build | Mill |
| 5:53 | Create | Villager (Male) |
| 5:59 | Create | Villager (Male) |
| 6:13 | Create | Villager (Male) |
| 6:29 | Create | Villager (Male) |
| 6:40 | Build | Farm |
| 6:53 | Build | Farm |
| 6:59 | Build | Farm |
| 7:36 | Create | Villager (Male) |
| 7:55 | Create | Villager (Male) |
| 8:08 | Build | Farm |
| 8:34 | Create | Villager (Male) |
| 8:54 | Create | Villager (Male) |
| 9:02 | Create | Villager (Male) |
| 9:39 | Build | Mining Camp |
| 9:40 | Create | Villager (Male) |
| 9:45 | Research | Feudal Age |
| 9:48 | Create | Villager (Male) |
| 10:10 | Create | Villager (Male) |
| 10:21 | Build | House |
| 10:22 | Create | Villager (Male) |
| 10:34 | Create | Villager (Male) |
| 10:43 | Create | Villager (Male) |
| 10:50 | Create | Villager (Male) |
| 11:07 | Create | Villager (Male) |
| 11:10 | Create | Villager (Male) |
| 11:15 | Create | Villager (Male) |
| 11:34 | Create | Villager (Male) |
| 11:43 | Create | Villager (Male) |
| 11:55 | Age | Feudal Age |
| 11:58 | Create | Villager (Male) |
| 12:22 | Create | Villager (Male) |
| 12:41 | Create | Villager (Male) |
| 12:52 | Create | Villager (Male) |
| 13:07 | Build | Market |
| 13:09 | Create | Villager (Male) |
| 13:18 | Create | Villager (Male) |
| 13:43 | Build | Blacksmith |
| 13:47 | Create | Villager (Male) |
| 13:51 | Build | House |
| 14:00 | Create | Villager (Male) |
| 14:25 | Research | Castle Age |
| 14:25 | Research | Castle Age |
| 14:30 | Create | Villager (Male) |
| 14:45 | Create | Villager (Male) |
| 15:03 | Create | Villager (Male) |
| 15:12 | Create | Villager (Male) |
| 15:30 | Create | Villager (Male) |
| 15:49 | Build | Mining Camp |
| 15:50 | Create | Villager (Male) |
| 16:01 | Create | Villager (Male) |
| 16:09 | Build | Farm |
| 16:09 | Create | Villager (Male) |
| 16:17 | Build | Farm |
| 16:25 | Create | Villager (Male) |
| 16:38 | Research | Gold Mining |
| 16:38 | Create | Villager (Male) |
| 16:50 | Create | Villager (Male) |
| 17:05 | Age | Castle Age |
| 17:33 | Build | Barracks |
| 17:41 | Create | Villager (Male) |
| 17:49 | Create | Villager (Male) |
| 17:53 | Create | Villager (Male) |
| 18:06 | Build | Farm |
| 18:07 | Create | Villager (Male) |
| 18:11 | Research | Horse Collar |
| 18:19 | Create | Villager (Male) |
| 18:23 | Research | Double-Bit Axe |
| 18:25 | Create | Villager (Male) |
| 18:36 | Build | House |
| 18:36 | Create | Villager (Male) |
| 18:53 | Build | Stable |
| 18:54 | Create | Villager (Male) |
| 19:03 | Create | Villager (Male) |
| 19:14 | Build | Farm |
| 19:18 | Build | Farm |
| 19:19 | Create | Villager (Male) |
| 20:05 | Build | Castle |
| 20:19 | Create | Knight |
| 20:19 | Create | Knight |
| 20:37 | Build | Farm |
| 20:41 | Create | Villager (Male) |
| 20:54 | Build | House |
| 20:54 | Create | Villager (Male) |
| 20:58 | Build | Farm |
| 21:12 | Create | Villager (Male) |
| 21:15 | Create | Knight |
| 21:15 | Create | Knight |
| 21:23 | Build | Stable |
| 21:23 | Create | Villager (Male) |
| 21:31 | Build | Farm |
| 21:37 | Build | Farm |
| 21:42 | Build | Farm |
| 21:43 | Create | Villager (Male) |
| 22:05 | Create | Villager (Male) |
| 22:12 | Build | Farm |
| 22:13 | Create | Villager (Male) |
| 22:55 | Build | Town Center |
| 22:56 | Create | Villager (Male) |
| 23:02 | Build | Farm |
| 23:17 | Create | Knight |
| 23:33 | Create | Villager (Male) |
| 23:36 | Build | Farm |
| 23:37 | Create | Villager (Male) |
| 23:44 | Build | Farm |
| 23:45 | Create | Villager (Male) |
| 23:53 | Build | Farm |
| 23:54 | Create | Villager (Male) |
| 24:02 | Build | Farm |
| 24:11 | Research | Bow Saw |
| 24:16 | Build | Lumber Camp |
| 24:16 | Create | Villager (Male) |
| 24:24 | Create | Villager (Male) |
| 24:46 | Create | Villager (Male) |
| 24:59 | Create | Villager (Male) |
| 25:05 | Build | Farm |
| 25:05 | Create | Villager (Male) |
| 25:11 | Build | Monastery |
| 25:12 | Create | Villager (Male) |
| 25:26 | Build | Farm |
| 25:42 | Create | Villager (Male) |
| 25:45 | Build | Farm |
| 25:45 | Create | Villager (Male) |
| 25:51 | Build | Farm |
| 26:02 | Create | Monk |
| 26:02 | Create | Monk |
| 26:26 | Create | Villager (Male) |
| 26:31 | Research | Szlachta Privileges |
| 26:40 | Build | Stable |
| 27:07 | Create | Villager (Male) |
| 27:11 | Build | Farm |
| 27:13 | Build | Farm |
| 27:15 | Build | Farm |
Match timeline
| 9:37 | 蝼蚁 · first_building Barracks |
| 11:11 | 蝼蚁 · age_up feudal |
| 11:55 | 风中有朵蒲公英 · age_up feudal |
| 12:25 | 蝼蚁 · first_building Stable |
| 14:14 | 风中有朵蒲公英 · first_market_sell 100 food |
| 17:05 | 风中有朵蒲公英 · age_up castle |
| 17:33 | 风中有朵蒲公英 · first_building Barracks |
| 18:30 | 蝼蚁 · age_up castle |
| 18:43 | 蝼蚁 · first_building Monastery |
| 18:53 | 风中有朵蒲公英 · first_building Stable |
| 20:05 | 风中有朵蒲公英 · first_building Castle |
| 22:52 | 风中有朵蒲公英 · first_market_buy 100 stone |
| 25:11 | 风中有朵蒲公英 · first_building Monastery |
| 25:29 | 蝼蚁 · first_building Castle |
| 33:57 | 蝼蚁 · age_up imperial |
| 37:12 | 蝼蚁 · wall_segment Stone Wall x1 |
| 37:17 | 蝼蚁 · wall_segment Stone Wall x1 |
| 38:53 | 风中有朵蒲公英 · age_up imperial |
| 43:50 | 风中有朵蒲公英 · first_building Archery Range |
| 45:43 | 风中有朵蒲公英 · resign |
[ AI ANALYSIS · 1 CREDIT ]
What really happened in this match?
Wolo.gg analyzes every decision: build order, eco, micro, common mistakes by bracket. Personalized analysis on WhatsApp or Discord in 30 seconds.
Civ guide
Lithuanians
Map guide
Arena
Perfil
蝼蚁